Workbook

Sheet PRESUPUESTO
A1: PRESUPUESTO DE OBRA
A2: Obra: | B2: MANTENIMIENTO GENERAL SERVICIO NACIONAL APRENDIZAJE "SENA" SEDE PRINCIPAL EN EL MUNICIPIO DE MONTERÍA, DEPARTAMENTO DE CÓRDOBA
A5: ITEM | B5: DESCRIPCION | C5: UN | D5: CANT | E5: VLR UNITARIO | F5: VLR TOTAL
A6: 1 | B6: REDES ELECTRICAS | F6: =SUM(F7:F8) -> 8398920 | G6: =E6*F6 -> 0
A7: 1.1 | B7: Suministro e instalación de lamparas de emergencia led | C7: UND | D7: =+'MEMORIA DE CANTIDADES'!L25 -> 20 | E7: =+APU!G40 -> 307473 | F7: =+E7*D7 -> 6149460 | G7: =E7*F7 -> 1890792914580
A8: 1.2 | B8: Suministro e instalación de panel led de 12w de sobreponer | C8: UND | D8: =+'MEMORIA DE CANTIDADES'!L48 -> 20 | E8: =+APU!G89 -> 112473 | F8: =+E8*D8 -> 2249460
A9: 2 | B9: PISOS Y ESCALERAS | F9: =SUM(F10:F11) -> 39731025 | G9: =E9*F9 -> 0
A10: 2.1 | B10: Mantenimiento de pisos y escalera en grano en pulido (desmanche, lavado y brillado) | C10: M2 | D10: =+'MEMORIA DE CANTIDADES'!L71 -> 480 | E10: =+APU!G138 -> 61954 | F10: =+E10*D10 -> 29737920 | G10: =E10*F10 -> 1842383095680
A11: 2.2 | B11: Mantenimiento de socalos en grano en pulido (desmanche, lavado) | C11: M | D11: =+'MEMORIA DE CANTIDADES'!L94 -> 395 | E11: =+APU!G186 -> 25299 | F11: =+E11*D11 -> 9993105
A12: 3 | B12: IMPERMEABILIZACIÓN | F12: =SUM(F13) -> 4555892.9 | G12: =E12*F12 -> 0
A13: 3.1 | B13: Impermeabilización de placas en concreto reforzado | C13: m2 | D13: =+'MEMORIA DE CANTIDADES'!L117 -> 113.96 | E13: =+APU!G234 -> 39978 | F13: =+E13*D13 -> 4555892.9
A14: 4 | B14: CUBIERTA, CANALETAS Y BAJANTES | F14: =SUM(F15:F15) -> 1227336 | G14: =E14*F14 -> 0
A15: 4.1 | B15: Mantenimiento de canaletas metalicas y bajantes (incluye pintura y aseo) | C15: m | D15: =+'MEMORIA DE CANTIDADES'!L140 -> 22 | E15: =+APU!G283 -> 55788 | F15: =+E15*D15 -> 1227336
A16: 5 | B16: UNIDADES SANITARIAS | F16: =SUM(F17:F26) -> 51393365 | G16: =E16*F16 -> 0
A17: 5.1 | B17: Desintalación, suministro e instalación de orinales | C17: und | D17: =+'MEMORIA DE CANTIDADES'!L163 -> 2 | E17: =+APU!G332 -> 611575 | F17: =+E17*D17 -> 1223150 | G17: =E17*F17 -> 748047961250
A18: 5.2 | B18: Desintalación, suministro e instalación de Sanitario blanco | C18: und | D18: =+'MEMORIA DE CANTIDADES'!L186 -> 10 | E18: =+APU!G381 -> 891575 | F18: =+E18*D18 -> 8915750 | G18: =E18*F18 -> 7949059806250
A19: 5.3 | B19: Suministro e instalación de lavamanos | C19: und | D19: =+'MEMORIA DE CANTIDADES'!L209 -> 1 | E19: =+APU!G430 -> 391575 | F19: =+E19*D19 -> 391575 | G19: =E19*F19 -> 153330980625
A20: 5.4 | B20: Suministro e instalación de dispensador de papel | C20: und | D20: =+'MEMORIA DE CANTIDADES'!L238 -> 8 | E20: =+APU!G479 -> 511050 | F20: =+E20*D20 -> 4088400 | G20: =E20*F20 -> 2089376820000
A21: 5.5 | B21: Suministro e instalación de dispensador de jabon | C21: und | D21: =+'MEMORIA DE CANTIDADES'!L269 -> 8 | E21: =+APU!G528 -> 461050 | F21: =+E21*D21 -> 3688400 | G21: =E21*F21 -> 1700536820000
A22: 5.6 | B22: Suministro e instalación de secador de manos | C22: und | D22: =+'MEMORIA DE CANTIDADES'!L300 -> 8 | E22: =+APU!G577 -> 909890 | F22: =+E22*D22 -> 7279120 | G22: =E22*F22 -> 6623198496800
A23: 5.7 | B23: Suministro e instalación de extractor de olores | C23: und | D23: =+'MEMORIA DE CANTIDADES'!L331 -> 8 | E23: =+APU!G626 -> 441575 | F23: =+E23*D23 -> 3532600 | G23: =E23*F23 -> 1559907845000
A24: 5.8 | B24: Suministro e instalación de división de baños en acero inoxidable | C24: m2 | D24: =+'MEMORIA DE CANTIDADES'!L362 -> 18 | E24: =+APU!G675 -> 683150 | F24: =+E24*D24 -> 12296700 | G24: =E24*F24 -> 8400490605000
A25: 5.9 | B25: Suministro e instalación de griferia para lavamanos tipo push | C25: und | D25: =+'MEMORIA DE CANTIDADES'!L393 -> 15 | E25: =+APU!G724 -> 378493 | F25: =+E25*D25 -> 5677395 | G25: =E25*F25 -> 2148854265735
A26: 5.1 | B26: Demolición, suministro e instalación de ceramica blanca para piso gris | C26: m2 | D26: =+'MEMORIA DE CANTIDADES'!L424 -> 35 | E26: =+APU!G772 -> 122865 | F26: =+E26*D26 -> 4300275
A27: 6 | B27: ZONAS VERDES | F27: =SUM(F28:F29) -> 9501750 | G27: =E27*F27 -> 0
A28: 6.1 | B28: Mantenimiento de zonas verdes (desmonte y aseo) | C28: global | D28: =+'MEMORIA DE CANTIDADES'!L447 -> 1 | E28: =+APU!G821 -> 2747250 | F28: =+E28*D28 -> 2747250 | G28: =E28*F28 -> 7547382562500
A29: 6.2 | B29: Poda de arboles (incluye retiro) | C29: und | D29: =+'MEMORIA DE CANTIDADES'!L470 -> 10 | E29: =+APU!G870 -> 675450 | F29: =+E29*D29 -> 6754500
A30: 7 | B30: FACHALETA | F30: =SUM(F31) -> 2123625 | G30: =E30*F30 -> 0
A31: 7.1 | B31: Demolición y construcción de fachaleta en graniplas | C31: m | D31: =+'MEMORIA DE CANTIDADES'!L493 -> 25 | E31: =+APU!G919 -> 84945 | F31: =+E31*D31 -> 2123625
A32: 8 | B32: ALARMA DE EMERGENCIA | F32: =SUM(F33) -> 1831500 | G32: =E32*F32 -> 0
A33: 8.1 | B33: Mantenimiento de alarma de emergencia (incluye todo para su correcto funcionamiento) | C33: und | D33: =+'MEMORIA DE CANTIDADES'!L516 -> 1 | E33: =+APU!G968 -> 1831500 | F33: =+E33*D33 -> 1831500
A34: 9 | B34: PINTURA | F34: =SUM(F35:F36) -> 64351856 | G34: =E34*F34 -> 0
A35: 9.1 | B35: Suministro e instalación de pintura tipo 1 (3 manos) | C35: m2 | D35: =+'MEMORIA DE CANTIDADES'!L539 -> 1000 | E35: =+APU!G1017 -> 23873 | F35: =+E35*D35 -> 23873000 | G35: =E35*F35 -> 569920129000
A36: 9.2 | B36: Suministro e instalación de pintura tipo trafico antideslizante para cancha multiple incluye lineas de división | C36: m2 | D36: =+'MEMORIA DE CANTIDADES'!L562 -> 1052 | E36: =+APU!G1066 -> 38478 | F36: =+E36*D36 -> 40478856
A37: 10 | B37: PUERTAS Y VENTANAS | F37: =SUM(F38:F42) -> 63643686 | G37: =E37*F37 -> 0
A38: 10.1 | B38: Mantenimiento de puertas en madera (incluye cerradura, visagras, acabado y todo lo necesario para su correcta instalación) | C38: und | D38: =+'MEMORIA DE CANTIDADES'!L605 -> 48 | E38: =+APU!G1115 -> 505846 | F38: =+E38*D38 -> 24280608 | G38: =E38*F38 -> 12282248434368
A39: 10.2 | B39: Desintalación, suministro e instalación de Puertas entamboradas (incluye cerraduras, visagras y acabado) | C39: und | D39: =+'MEMORIA DE CANTIDADES'!L631 -> 7 | E39: =+APU!G1164 -> 968681 | F39: =+E39*D39 -> 6780767 | G39: =E39*F39 -> 6568400158327
A40: 10.3 | B40: Mantenimiento de ventanas en vidrio (incluye polarizado) | C40: m2 | D40: =+'MEMORIA DE CANTIDADES'!L657 -> 325.22484 | E40: =+APU!G1213 -> 96630 | F40: =+E40*D40 -> 31426476 | G40: =E40*F40 -> 3.0367404e+12
A41: 10.4 | B41: Mantenimiento de puerta metalica incluye cerradura, visagras, acabado | C41: und | D41: =+'MEMORIA DE CANTIDADES'!L683 -> 1 | E41: =+APU!G1262 -> 537154 | F41: =+E41*D41 -> 537154 | G41: =E41*F41 -> 288534419716
A42: 10.5 | B42: Suministro e instalación de puerta acrilica para Garita vigilantes | C42: und | D42: =+'MEMORIA DE CANTIDADES'!L709 -> 1 | E42: =+APU!G1311 -> 618681 | F42: =+E42*D42 -> 618681
A43: 11 | B43: SOPORTES CANCHA MULTIPLE | F43: =SUM(F44) -> 1674725 | G43: =E43*F43 -> 0
A44: 11.1 | B44: Suministro e instalación en cancha multiple de soporte para cancha de voleibol (incluye malla) | C44: und | D44: =+'MEMORIA DE CANTIDADES'!L732 -> 1 | E44: =+APU!G1360 -> 1674725 | F44: =+E44*D44 -> 1674725
A45: 12 | B45: MANTENIMIENTO DE TANQUES Y BOMBAS | F45: =SUM(F46:F48) -> 7857392.9 | G45: =E45*F45 -> 0
A46: 12.1 | B46: Mantenimiento de tanque subterraneo de 40 m3 (incluye requerimiento tecnico del agua) | C46: und | D46: =+'MEMORIA DE CANTIDADES'!L754 -> 2 | E46: =+APU!G1409 -> 1383625 | F46: =+E46*D46 -> 2767250 | G46: =E46*F46 -> 3828836281250
A47: 12.2 | B47: Mantenimiento de tanque elevado de 30 m3 (incluye requerimiento tecnico del agua) | C47: und | D47: =+'MEMORIA DE CANTIDADES'!L782 -> 1 | E47: =+APU!G1449 -> 1427142.9 | F47: =+E47*D47 -> 1427142.9 | G47: =E47*F47 -> 2.0367367e+12
A48: 12.3 | B48: Mantenimiento de bombas hidraulicas | C48: und | D48: =+'MEMORIA DE CANTIDADES'!L810 -> 2 | E48: =+APU!G1507 -> 1831500 | F48: =+E48*D48 -> 3663000
A49: 13 | B49: SOPORTE AIREACONDICIONADO | F49: =SUM(F50) -> 1642089 | G49: =E49*F49 -> 0
A50: 13.1 | B50: Suministro e instalación de base para soporte de aireacondicionado. | C50: und | D50: =+'MEMORIA DE CANTIDADES'!L838 -> 3 | E50: =+APU!G1555 -> 547363 | F50: =+E50*D50 -> 1642089 | G50: =SUM(G6:G49) -> 7.1264779e+13
A51: TOTAL COSTO DIRECTOS OBRA CIVIL= | F51: =+F45+F43+F37+F34+F32+F30+F27+F16+F14+F12+F9+F6+F49 -> 2.5793316e+08 | G51: =+ROUND($G$55*0.23,0) -> 59324627
A52: COSTO TOTAL DIRECTO: | F52: =+F51 -> 2.5793316e+08 | G52: =+ROUND($G$55*0.02,0) -> 5158663
A53: ADMINISTRACIÓN (23%): | F53: =+ROUND($F$52*0.23,0) -> 59324627 | G53: =+ROUND($G$55*0.05,0) -> 12896658
A54: UTILIDAD (5%): | F54: =+ROUND($F$52*0.05,0) -> 12896658 | G54: =+ROUND($G$55*0.3,0) -> 77379949
A55: IMPREVISTO (2%): | F55: =+ROUND($F$52*0.02,0) -> 5158663 | G55: =G50+G51+G53+G52 -> 3.3531311e+08
A56: AIU (30%): | F56: =+F55+F54+F53 -> 77379948
A57: COSTO TOTAL DE LA OBRA CIVIL | F57: =+F56+F52 -> 335313111 | G57: 335313111
G58: =+F57-G57 -> 0
A61: SERVICIO NACIONAL DE APRENDIZAJE

Sheet APU
A1: ANALISIS DE PRECIOS UNITARIOS
A2: APU
A3: PROYECTO: | B3: MANTENIMIENTO GENERAL SERVICIO NACIONAL APRENDIZAJE "SENA" SEDE PRINCIPAL EN EL MUNICIPIO DE MONTERÍA, DEPARTAMENTO DE CÓRDOBA
A5: ACTIVIDAD: | B5: =+PRESUPUESTO!B6 -> REDES ELECTRICAS | E5: =+PRESUPUESTO!A6 -> 1 | F5: FECHA
A6: SUBACTIVIDAD: | B6: =+PRESUPUESTO!B7 -> Suministro e instalación de lamparas de emergencia led | E6: =+PRESUPUESTO!A7 -> 1.1 | F6: 45407
A7: ITEM | B7: =+E6 -> 1.1 | C7: UNIDAD | D7: =+PRESUPUESTO!C7 -> UND | E7: VALOR ITEM: | F7: =+G48 -> 399715
A9: A: EQUIPOS
A10: DESCRIPCION | D10: TIPO | E10: TARIFA/HORA | F10: RENDIMIENTO
A11: Herramienta menor | E11: 10% MO | F11: 1 | G11: =0.1*G31 -> 2497.5
F13: SUBTOTAL | G13: =SUM(G11:G12) -> 2497.5
A15: B: MATERIALES
A16: DESCRIPCION | D16: UNIDAD | E16: VALOR | F16: CANTIDAD
A17: Lampara emergencia led | D17: und | E17: 280000 | F17: 1 | G17: =+F17*E17 -> 280000
I20: =125000/50 -> 2500
F23: SUBTOTAL | G23: =SUM(G17:G22) -> 280000
A25: C: MANO DE OBRA
A26: CATEGORIA | B26: JORNAL | C26: PRESTACIONES | D26: JORNAL TOTAL | E26: TARIFA/HORA | F26: RENDIMIENTO
A27: =+[1]MO!$A$7 -> Oficial electrico | B27: =+MO!B7 -> 140000 | C27: 1.85 | D27: =SUM(B27*C27) -> 259000 | E27: =+D27/8 -> 32375 | F27: 20 | G27: =+D27/F27 -> 12950
A28: Ayudante electrico (3) | B28: =+MO!B6*3 -> 130000 | C28: 1.85 | D28: =SUM(B28*C28) -> 240500 | E28: =+D28/8 -> 30062.5 | F28: =+F27 -> 20 | G28: =+D28/F28 -> 12025
F31: SUBTOTAL | G31: =SUM(G27:G30) -> 24975
A33: D: TRANSPORTE
A34: MATERIAL | C34: M3 | D34: DISTANCIA/KM | E34: TARIFA | F34: RENDIMIENTO
F38: SUBTOTAL
E40: Total Costo Directo | G40: =+ROUND(G38+G31+G23+G13,0) -> 307473
A41: E: COSTOS INDIRECTOS
B42: Descripción | E42: Porcentaje | F42: Valor Total
A43: ADMINISTRACION | E43: 0.23 | F43: =+E43*G40 -> 70718.79
A44: IMPREVISTOS | E44: 0.02 | F44: =+E44*G40 -> 6149.46
A45: UTILIDAD | E45: 0.05 | F45: =+E45*G40 -> 15373.65
F46: Sub-Total | G46: =SUM(F43:F45) -> 92241.9
G48: =ROUND((G40+G46),0) -> 399715
A50: ANALISIS DE PRECIOS UNITARIOS
A51: APU
A52: PROYECTO: | B52: MANTENIMIENTO GENERAL SERVICIO NACIONAL APRENDIZAJE "SENA" SEDE PRINCIPAL EN EL MUNICIPIO DE MONTERÍA, DEPARTAMENTO DE CÓRDOBA
A54: ACTIVIDAD: | B54: =+PRESUPUESTO!B6 -> REDES ELECTRICAS | E54: =+PRESUPUESTO!A6 -> 1 | F54: FECHA
A55: SUBACTIVIDAD: | B55: =+PRESUPUESTO!B8 -> Suministro e instalación de panel led de 12w de sobreponer | E55: =+PRESUPUESTO!A8 -> 1.2 | F55: 45407
A56: ITEM | B56: =+E55 -> 1.2 | C56: UNIDAD | D56: =+PRESUPUESTO!C8 -> UND | E56: VALOR ITEM: | F56: =+G97 -> 146215
A58: A: EQUIPOS
A59: DESCRIPCION | D59: TIPO | E59: TARIFA/HORA | F59: RENDIMIENTO
A60: Herramienta menor | E60: 10% MO | F60: 1 | G60: =0.1*G80 -> 2497.5
F62: SUBTOTAL | G62: =SUM(G60:G61) -> 2497.5
A64: B: MATERIALES
A65: DESCRIPCION | D65: UNIDAD | E65: VALOR | F65: CANTIDAD
A66: panel led 12 w sobreponer | D66: und | E66: 85000 | F66: 1 | G66: =+F66*E66 -> 85000
I69: =125000/50 -> 2500
F72: SUBTOTAL | G72: =SUM(G66:G71) -> 85000
A74: C: MANO DE OBRA
A75: CATEGORIA | B75: JORNAL | C75: PRESTACIONES | D75: JORNAL TOTAL | E75: TARIFA/HORA | F75: RENDIMIENTO
A76: =+[1]MO!$A$7 -> Oficial electrico | B76: =+MO!$B$7 -> 140000 | C76: 1.85 | D76: =SUM(B76*C76) -> 259000 | E76: =+D76/8 -> 32375 | F76: 20 | G76: =+D76/F76 -> 12950
A77: Ayudante electrico (3) | B77: =+MO!$B$8*3 -> 130000 | C77: 1.85 | D77: =SUM(B77*C77) -> 240500 | E77: =+D77/8 -> 30062.5 | F77: =+F76 -> 20 | G77: =+D77/F77 -> 12025
F80: SUBTOTAL | G80: =SUM(G76:G79) -> 24975
A82: D: TRANSPORTE
A83: MATERIAL | C83: M3 | D83: DISTANCIA/KM | E83: TARIFA | F83: RENDIMIENTO
F87: SUBTOTAL
E89: Total Costo Directo | G89: =+ROUND(G87+G80+G72+G62,0) -> 112473
A90: E: COSTOS INDIRECTOS
B91: Descripción | E91: Porcentaje | F91: Valor Total
A92: ADMINISTRACION | E92: 0.23 | F92: =+E92*G89 -> 25868.79
A93: IMPREVISTOS | E93: 0.02 | F93: =+E93*G89 -> 2249.46
A94: UTILIDAD | E94: 0.05 | F94: =+E94*G89 -> 5623.65
F95: Sub-Total | G95: =SUM(F92:F94) -> 33741.9
G97: =ROUND((G89+G95),0) -> 146215
A99: ANALISIS DE PRECIOS UNITARIOS
A100: APU
A101: PROYECTO: | B101: MANTENIMIENTO GENERAL SERVICIO NACIONAL APRENDIZAJE "SENA" SEDE PRINCIPAL EN EL MUNICIPIO DE MONTERÍA, DEPARTAMENTO DE CÓRDOBA
A103: ACTIVIDAD: | B103: =+PRESUPUESTO!B9 -> PISOS Y ESCALERAS | E103: =+PRESUPUESTO!A9 -> 2 | F103: FECHA
A104: SUBACTIVIDAD: | B104: =+PRESUPUESTO!B10 -> Mantenimiento de pisos y escalera en grano en pulido (desmanche, lavado y brillado) | E104: =+PRESUPUESTO!A10 -> 2.1 | F104: 45407
A105: ITEM | B105: =+E104 -> 2.1 | C105: UNIDAD | D105: =+PRESUPUESTO!C10 -> M2 | E105: VALOR ITEM: | F105: =+G146 -> 80540
A107: A: EQUIPOS
A108: DESCRIPCION | D108: TIPO | E108: TARIFA/HORA | F108: RENDIMIENTO
A109: Herramienta menor | E109: 10% MO | F109: 1 | G109: =0.1*G129 -> 4162.5
A110: PULIDORA DE PISOS | E110: 50000 | F110: 12 | G110: =+E110/F110 -> 4166.6667
F111: SUBTOTAL | G111: =SUM(G109:G110) -> 8329.1667
A113: B: MATERIALES
A114: DESCRIPCION | D114: UNIDAD | E114: VALOR | F114: CANTIDAD
A115: DESMANCHADOR | D115: und | E115: 240000 | F115: 0.05 | G115: =+F115*E115 -> 12000
I118: =125000/50 -> 2500
F121: SUBTOTAL | G121: =SUM(G115:G120) -> 12000
A123: C: MANO DE OBRA
A124: CATEGORIA | B124: JORNAL | C124: PRESTACIONES | D124: JORNAL TOTAL | E124: TARIFA/HORA | F124: RENDIMIENTO
A125: =+MO!$A$5 -> Oficial | B125: =+MO!$B$7 -> 140000 | C125: 1.85 | D125: =SUM(B125*C125) -> 259000 | E125: =+D125/8 -> 32375 | F125: =+F110 -> 12 | G125: =+D125/F125 -> 21583.333
A126: Ayudante (3) | B126: =+MO!$B$6*3 -> 130000 | C126: 1.85 | D126: =SUM(B126*C126) -> 240500 | E126: =+D126/8 -> 30062.5 | F126: =+F125 -> 12 | G126: =+D126/F126 -> 20041.667
F129: SUBTOTAL | G129: =SUM(G125:G128) -> 41625
A131: D: TRANSPORTE
A132: MATERIAL | C132: M3 | D132: DISTANCIA/KM | E132: TARIFA | F132: RENDIMIENTO
F136: SUBTOTAL
E138: Total Costo Directo | G138: =+ROUND(G136+G129+G121+G111,0) -> 61954
A139: E: COSTOS INDIRECTOS
B140: Descripción | E140: Porcentaje | F140: Valor Total
A141: ADMINISTRACION | E141: 0.23 | F141: =+E141*G138 -> 14249.42
A142: IMPREVISTOS | E142: 0.02 | F142: =+E142*G138 -> 1239.08
A143: UTILIDAD | E143: 0.05 | F143: =+E143*G138 -> 3097.7
F144: Sub-Total | G144: =SUM(F141:F143) -> 18586.2
G146: =ROUND((G138+G144),0) -> 80540
A147: ANALISIS DE PRECIOS UNITARIOS
A148: APU
A149: PROYECTO: | B149: MANTENIMIENTO GENERAL SERVICIO NACIONAL APRENDIZAJE "SENA" SEDE PRINCIPAL EN EL MUNICIPIO DE MONTERÍA, DEPARTAMENTO DE CÓRDOBA
A151: ACTIVIDAD: | B151: =+PRESUPUESTO!B9 -> PISOS Y ESCALERAS | E151: =+PRESUPUESTO!A9 -> 2 | F151: FECHA
A152: SUBACTIVIDAD: | B152: =+PRESUPUESTO!B11 -> Mantenimiento de socalos en grano en pulido (desmanche, lavado) | E152: =+PRESUPUESTO!A11 -> 2.2 | F152: 45407
A153: ITEM | B153: =+E152 -> 2.2 | C153: UNIDAD | D153: =+PRESUPUESTO!C11 -> M | E153: VALOR ITEM: | F153: =+G194 -> 32889
...

Sheet MEMORIA DE CANTIDADES
A1: DEPARTAMENTO DE CORDOBA
A2: =+PRESUPUESTO!B2 -> MANTENIMIENTO GENERAL SERVICIO NACIONAL APRENDIZAJE "SENA" SEDE PRINCIPAL EN EL MUNICIPIO DE MONTERÍA, DEPARTAMENTO DE CÓRDOBA
A4: DESCRIPCIÓN MEMORIA DE CANTIDADES DE OBRA
A5: 1 | B5: REDES ELECTRICAS
A7: ITEM | B7: DESCRIPCION | F7: UN | G7: CUADRO DE CANTIDADES
A8: =+PRESUPUESTO!A7 -> 1.1 | B8: =+PRESUPUESTO!B7 -> Suministro e instalación de lamparas de emergencia led | F8: =+PRESUPUESTO!C7 -> UND | G8: SUB ITEM | H8: v | I8: a | J8: b | K8: c | L8: TOTAL.
H9: DESCRIP | I9: CANTIDAD | J9: ALTO | K9: ESPESOR
A11: Esquema o Diagrama
G12: 2DO PISO ADMINISTRATIVO | I12: 9 | L12: =+I12 -> 9
G13: 3ER PISO ADMINISTRATIVO | I13: 6 | L13: =+I13 -> 6
G14: 4TO PISO ADMINISTRATIVO | I14: 5 | L14: =+I14 -> 5
G25: Total | L25: =SUM(L11:L24) -> 20
A27: DESCRIPCIÓN MEMORIA DE CANTIDADES DE OBRA
A28: 1 | B28: REDES ELECTRICAS
A30: ITEM | B30: DESCRIPCION | F30: UN | G30: CUADRO DE CANTIDADES
A31: =+PRESUPUESTO!A8 -> 1.2 | B31: =+PRESUPUESTO!B8 -> Suministro e instalación de panel led de 12w de sobreponer | F31: =+PRESUPUESTO!C8 -> UND | G31: SUB ITEM | H31: v | I31: a | J31: b | K31: c | L31: TOTAL.
H32: DESCRIP | I32: CANTIDAD | J32: ALTO | K32: ESPESOR
A34: Esquema o Diagrama
G35: 1ER PISO BAÑO DAMAS | I35: 2 | L35: =+I35 -> 2
G36: 1ER PISO RECURSO FINANCIERO | I36: 3 | L36: =+I36 -> 3
G37: 1 ER PISO PASILLO | I37: 11 | L37: =+I37 -> 11
G38: 3ER PISO DESPACHO DIRECCIÓN BAÑO | I38: 1 | L38: =+I38 -> 1
G39: 3ER PISO BODEGA | I39: 1 | L39: =+I39 -> 1
G40: 4TO BAÑO DAMAS | I40: 2 | L40: =+I40 -> 2
G48: Total | L48: =SUM(L34:L47) -> 20
A50: DESCRIPCIÓN MEMORIA DE CANTIDADES DE OBRA
A51: =+PRESUPUESTO!A9 -> 2 | B51: =+PRESUPUESTO!B9 -> PISOS Y ESCALERAS
A53: ITEM | B53: DESCRIPCION | F53: UN | G53: CUADRO DE CANTIDADES
A54: =+PRESUPUESTO!A10 -> 2.1 | B54: =+PRESUPUESTO!B10 -> Mantenimiento de pisos y escalera en grano en pulido (desmanche, lavado y brillado) | F54: =+PRESUPUESTO!C10 -> M2 | G54: SUB ITEM | H54: v | I54: a | J54: b | K54: c | L54: TOTAL.
H55: DESCRIP | I55: CANTIDAD | J55: ALTO | K55: ESPESOR
A57: Esquema o Diagrama
G58: AREAS DE CIRCULACIÓN Y ESCALERAS 1, 2, 3 Y 4 | I58: 480 | L58: =+I58 -> 480
G71: Total | L71: =SUM(L57:L70) -> 480
A73: DESCRIPCIÓN MEMORIA DE CANTIDADES DE OBRA
A74: =+PRESUPUESTO!A9 -> 2 | B74: =+PRESUPUESTO!B9 -> PISOS Y ESCALERAS
A76: ITEM | B76: DESCRIPCION | F76: UN | G76: CUADRO DE CANTIDADES
A77: =+PRESUPUESTO!A11 -> 2.2 | B77: =+PRESUPUESTO!B11 -> Mantenimiento de socalos en grano en pulido (desmanche, lavado) | F77: =+PRESUPUESTO!C11 -> M | G77: SUB ITEM | H77: v | I77: a | J77: b | K77: c | L77: TOTAL.
H78: DESCRIP | I78: CANTIDAD | J78: ALTO | K78: ESPESOR
A80: Esquema o Diagrama
G81: AREAS DE CIRCULACIÓN Y ESCALERAS 1, 2, 3 Y 4 | I81: 395 | L81: =+I81 -> 395
G94: Total | L94: =SUM(L80:L93) -> 395
A96: DESCRIPCIÓN MEMORIA DE CANTIDADES DE OBRA
A97: =+PRESUPUESTO!A12 -> 3 | B97: =+PRESUPUESTO!B12 -> IMPERMEABILIZACIÓN
A99: ITEM | B99: DESCRIPCION | F99: UN | G99: CUADRO DE CANTIDADES
A100: =+PRESUPUESTO!A13 -> 3.1 | B100: =+PRESUPUESTO!B13 -> Impermeabilización de placas en concreto reforzado | F100: =+PRESUPUESTO!C13 -> m2 | G100: SUB ITEM | H100: v | I100: a | J100: b | K100: c | L100: TOTAL.
H101: DESCRIP | I101: CANTIDAD | J101: ANCHO | K101: LARGO
A103: Esquema o Diagrama
G104: PANELES SOLARES, BOLSA EMPLEO | I104: 2 | J104: 6.4 | K104: 8.2 | L104: =+K104*J104*I104 -> 104.96
G105: CAFETERIA | I105: 1 | J105: 3 | K105: 3 | L105: =+K105*J105*I105 -> 9
G117: Total | L117: =SUM(L103:L116) -> 113.96
A119: DESCRIPCIÓN MEMORIA DE CANTIDADES DE OBRA
A120: =+PRESUPUESTO!A14 -> 4 | B120: =+PRESUPUESTO!B14 -> CUBIERTA, CANALETAS Y BAJANTES
A122: ITEM | B122: DESCRIPCION | F122: UN | G122: CUADRO DE CANTIDADES
A123: =+PRESUPUESTO!A15 -> 4.1 | B123: =+PRESUPUESTO!B15 -> Mantenimiento de canaletas metalicas y bajantes (incluye pintura y aseo) | F123: =+PRESUPUESTO!C15 -> m | G123: SUB ITEM | H123: v | I123: a | J123: b | K123: c | L123: TOTAL.
H124: DESCRIP | I124: CANTIDAD | J124: ANCHO | K124: LARGO
A126: Esquema o Diagrama
G127: Cancha multiple | L127: =+K127 -> 0
G128: Fondo emprender, agencia de empleo y cafeteria | K128: 22 | L128: =+K128 -> 22
G140: Total | L140: =SUM(L126:L139) -> 22
A142: DESCRIPCIÓN MEMORIA DE CANTIDADES DE OBRA
A143: =+PRESUPUESTO!A16 -> 5 | B143: =+PRESUPUESTO!B16 -> UNIDADES SANITARIAS
A145: ITEM | B145: DESCRIPCION | F145: UN | G145: CUADRO DE CANTIDADES
A146: =+PRESUPUESTO!A17 -> 5.1 | B146: =+PRESUPUESTO!B17 -> Desintalación, suministro e instalación de orinales | F146: =+PRESUPUESTO!C17 -> und | G146: SUB ITEM | H146: v | I146: a | J146: b | K146: c | L146: TOTAL.
H147: DESCRIP | I147: CANTIDAD | J147: ANCHO | K147: LARGO
A149: Esquema o Diagrama
G150: 1ER PISO BAÑO HOMBRES | I150: 2 | L150: =+I150 -> 2
L151: =+I151 -> 0
L152: =+I152 -> 0
L153: =+I153 -> 0
L154: =+I154 -> 0
L155: =+I155 -> 0
L156: =+I156 -> 0
G163: Total | L163: =SUM(L149:L162) -> 2
A165: DESCRIPCIÓN MEMORIA DE CANTIDADES DE OBRA
A166: =+PRESUPUESTO!A16 -> 5 | B166: =+PRESUPUESTO!B16 -> UNIDADES SANITARIAS
A168: ITEM | B168: DESCRIPCION | F168: UN | G168: CUADRO DE CANTIDADES
A169: =+PRESUPUESTO!A18 -> 5.2 | B169: =+PRESUPUESTO!B18 -> Desintalación, suministro e instalación de Sanitario blanco | F169: =+PRESUPUESTO!C18 -> und | G169: SUB ITEM | H169: v | I169: a | J169: b | K169: c | L169: TOTAL.
H170: DESCRIP | I170: CANTIDAD | J170: ANCHO | K170: LARGO
A172: Esquema o Diagrama
G173: 1ER PISO BAÑO HOMBRES | I173: 3 | L173: =+I173 -> 3
G174: 1ER PISO BAÑO DAMAS | I174: 1 | L174: =+I174 -> 1
G175: 2DO PISO BAÑO HOMBRES | I175: 2 | L175: =+I175 -> 2
G176: 2DO PISO BAÑO DAMAS | I176: 3 | L176: =+I176 -> 3
G177: GARITA DE VIGILANTES | I177: 1 | L177: =+I177 -> 1
L178: =+I178 -> 0
L179: =+I179 -> 0
G186: Total | L186: =SUM(L172:L185) -> 10
A188: DESCRIPCIÓN MEMORIA DE CANTIDADES DE OBRA
A189: =+PRESUPUESTO!A16 -> 5 | B189: =+PRESUPUESTO!B16 -> UNIDADES SANITARIAS
A191: ITEM | B191: DESCRIPCION | F191: UN | G191: CUADRO DE CANTIDADES
A192: =+PRESUPUESTO!A19 -> 5.3 | B192: =+PRESUPUESTO!B19 -> Suministro e instalación de lavamanos | F192: =+PRESUPUESTO!C19 -> und | G192: SUB ITEM | H192: v | I192: a | J192: b | K192: c | L192: TOTAL.
H193: DESCRIP | I193: CANTIDAD | J193: ANCHO | K193: LARGO
A195: Esquema o Diagrama
G196: GARITA DE VIGILANTES | I196: 1 | L196: =+I196 -> 1
L202: =+I202 -> 0
G209: Total | L209: =SUM(L195:L208) -> 1
A211: DESCRIPCIÓN MEMORIA DE CANTIDADES DE OBRA
A212: =+PRESUPUESTO!A16 -> 5 | B212: =+PRESUPUESTO!B16 -> UNIDADES SANITARIAS
A214: ITEM | B214: DESCRIPCION | F214: UN | G214: CUADRO DE CANTIDADES
A215: =+PRESUPUESTO!A20 -> 5.4 | B215: =+PRESUPUESTO!B20 -> Suministro e instalación de dispensador de papel | F215: =+PRESUPUESTO!C20 -> und | G215: SUB ITEM | H215: v | I215: a | J215: b | K215: c | L215: TOTAL.
...

Sheet MO
A1: =+PRESUPUESTO!B2 -> MANTENIMIENTO GENERAL SERVICIO NACIONAL APRENDIZAJE "SENA" SEDE PRINCIPAL EN EL MUNICIPIO DE MONTERÍA, DEPARTAMENTO DE CÓRDOBA
A2: VALORES DE MANO DE OBRA | I2: =190000+187000+140000+75000+150000 -> 742000
A3: DESCRIPCIÓN | B3: VALOR UNITARIO | C3: F.P | D3: V. TOTAL | E3: UNIDAD | I3: =140000+110000+134000 -> 384000
A4: Carpintero | B4: 120000 | C4: =+'FACTOR PRESTACIONAL'!E34 -> 1.85 | D4: =+B4*C4 -> 222000 | E4: Dia | F4: =30*B4 -> 3600000
A5: Oficial | B5: 80000 | C5: =+C4 -> 1.85 | D5: =+B5*C5 -> 148000 | E5: Dia | F5: =30*B5 -> 2400000
A6: Ayudante | B6: =1300000/30 -> 43333.333 | C6: =+C5 -> 1.85 | D6: =+B6*C6 -> 80166.667 | E6: Dia | F6: =30*B6 -> 1300000 | G6: =E6*F6 -> #VALUE!
A7: Capataz electrico | B7: 140000 | C7: =+C5 -> 1.85 | D7: =+B7*C7 -> 259000 | E7: Dia | F7: =30*B7 -> 4200000 | G7: =E7*F7 -> #VALUE!
A8: Ayudante Electrico | B8: =+B6 -> 43333.333 | C8: =+C6 -> 1.85 | D8: =+B8*C8 -> 80166.667 | E8: Dia | F8: =30*B8 -> 1300000
A9: Soldador | B9: 150000 | C9: =+C4 -> 1.85 | D9: =+B9*C9 -> 277500 | E9: Dia | F9: =30*B9 -> 4500000 | G9: =E9*F9 -> #VALUE!
A10: Oficial metalurgico | B10: 140000 | C10: =+C5 -> 1.85 | D10: =+B10*C10 -> 259000 | E10: Dia | G10: =E10*F10 -> #VALUE!
G12: =E12*F12 -> 0
A14: =+'FACTOR PRESTACIONAL'!B39 -> SERVICIO NACIONAL DE APRENDIZAJE | G14: =E14*F14 -> 0
G16: =E16*F16 -> 0
G17: =E17*F17 -> 0
G18: =E18*F18 -> 0
G19: =E19*F19 -> 0
G20: =E20*F20 -> 0
G21: =E21*F21 -> 0
G22: =E22*F22 -> 0
G23: =E23*F23 -> 0
G24: =E24*F24 -> 0
G25: =E25*F25 -> 0
G27: =E27*F27 -> 0
G28: =E28*F28 -> 0
... G49: =E49*F49 -> 0
G50: =SUM(G6:G49) -> #VALUE!
G51: =+ROUND($G$55*0.23,0) -> 59324627
G52: =+ROUND($G$55*0.02,0) -> 5158663
G53: =+ROUND($G$55*0.05,0) -> 12896658
G54: =+ROUND($G$55*0.3,0) -> 77379949
G55: =G50+G51+G53+G52 -> 3.3531311e+08

Sheet FACTOR PRESTACIONAL
B1: REPUBLICA DE COLOMBIA
B2: DEPARTAMENTO DE CÓRDOBA
B4: MUNICIPIO DE MONTERÍA
B5: FACTOR PRESTACIONAL
G6: =E6*F6 -> 0
B7: CÁLCULO DE PORCENTAJE DE PRESTACIONES SOCIALES | G7: =E7*F7 -> 0
B9: DESCRIPCION | E9: PORCENTAJE | G9: =E9*F9 -> #VALUE!
G10: =E10*F10 -> 0
B11: A. SALARIOS | E11: 1
G12: =E12*F12 -> 0
B13: B. PRESTACIONES SOCIALES Y PAGOS POR LEY | E13: =ROUND(SUM(E16:E33),2) -> 0.85
G14: =E14*F14 -> 0
B16: Cesantías | E16: 0.093 | G16: =E16*F16 -> 0
B17: Prima de servicio | E17: 0.093 | G17: =E17*F17 -> 0
B18: Pensión | E18: 0.12 | G18: =E18*F18 -> 0
B19: Salud | E19: 0.085 | G19: =E19*F19 -> 0
B20: Riesgos profesionales | E20: 0.0696 | G20: =E20*F20 -> 0
B21: Caja de Compensación familiar 4% | E21: 0.04 | G21: =E21*F21 -> 0
B22: SENA 2% | E22: 0.02 | G22: =E22*F22 -> 0
B23: ICBF 3% | E23: 0.03 | G23: =E23*F23 -> 0
B24: Dotación | E24: 0.082 | G24: =E24*F24 -> 0
B25: Vacaciones | E25: 0.0417 | G25: =E25*F25 -> 0
B26: Intereses de cesantías | E26: 0.011
B27: Auxilio de transporte | E27: 0.1172 | G27: =E27*F27 -> 0
B28: Ordinaria | E28: 0.0052 | G28: =E28*F28 -> 0
B29: Nocturna | E29: 0.0073
B30: Dominical y festivo ordinaria | E30: 0.0083 | G30: =E30*F30 -> 0
B31: Dominical y festivo nocturna | E31: 0.0104
B32: Dominicales diurno | E32: 0.0073 | G32: =E32*F32 -> 0
B33: Dominicales nocturno | E33: 0.0087
B34: TOTAL | E34: =E11+E13 -> 1.85 | G34: =E34*F34 -> 0
G35: =E35*F35 -> 0
G37: =E37*F37 -> 0
G38: =E38*F38 -> 0
B39: SERVICIO NACIONAL DE APRENDIZAJE | G39: =E39*F39 -> 0
G40: =E40*F40 -> 0
G41: =E41*F41 -> 0
G43: =E43*F43 -> 0
G45: =E45*F45 -> 0
G46: =E46*F46 -> 0
G47: =E47*F47 -> 0
G49: =E49*F49 -> 0
G50: =SUM(G6:G49) -> #VALUE!
G51: =+ROUND($G$55*0.23,0) -> 59324627
G52: =+ROUND($G$55*0.02,0) -> 5158663
G53: =+ROUND($G$55*0.05,0) -> 12896658
G54: =+ROUND($G$55*0.3,0) -> 77379949
G55: =G50+G51+G53+G52 -> 3.3531311e+08

Sheet MATERIALES
A1: MATERIALES Y EQUIPOS
A2: MATERIALES | I2: =190000+187000+140000+75000+150000 -> 742000
A3: No. | B3: DESCRIPCIÓN | C3: UNIDAD | D3: VALOR | I3: =140000+110000+134000 -> 384000
A4: 1 | B4: ESTACAS | C4: und | D4: 600 | F4: Vibrador de concreto motor | I4: hr | K4: 5625
A5: 2 | B5: PUNTILLAS | C5: kg | D5: 4500
A6: 3 | B6: CARTERAS | C6: un | D6: 12000
A7: 4 | B7: Tela verde | C7: M | D7: 5500
A8: 5 | B8: Liston de madera 2"*2" | C8: unidad | D8: 9810.356
A9: 6 | B9: Clavos | C9: kg | D9: 9500
A10: 7 | B10: Sub Base | C10: m3 | D10: 90000
A11: 8 | B11: Concreto 2000 psi | C11: m3 | D11: 728373
A12: 9 | B12: Impermeabilizante sika | C12: kg | D12: 6500
A13: 10 | B13: Formaleta | C13: m2 | D13: 4311.92
A14: 11 | B14: Concreto 3000 psi | C14: m3 | D14: 1041707
A15: 12 | B15: Impermeabilizante sika | C15: kg | D15: 6613
A16: 13 | B16: Formaleta en super "T" de 19 mm o equivalente | C16: ml | D16: 41960
... A159: 157 | B159: POSTE EN CONCRETO12/1050 KG/H | C159: und | D159: 2300000
A161: EQUIPOS
A162: No. | B162: DESCRIPCIÓN | C162: UNIDAD | D162: VALOR
A163: 1 | B163: VIBRADOR CONCRETO | C163: HORA | D163: =60000/8 -> 7500
A164: 2 | B164: MEZCLADORA | C164: HORA | D164: =60000/8 -> 7500
A165: 3 | B165: Motoniveladora | C165: HORA | D165: 200000
A166: 4 | B166: Retroexcavadora | C166: HORA | D166: 180000
A167: 5 | B167: COMPACTADOR | C167: HORA | D167: 130000
A168: 6 | B168: Equipo de soldadura | C168: HORA | D168: =90000/8 -> 11250
A169: 7 | B169: Pulidora de mano | C169: HORA | D169: =40000/8 -> 5000
A170: 8 | B170: Compresor | C170: HORA | D170: =50000/8 -> 6250
A171: 9 | B171: Grua | C171: HORA | D171: 300000
A172: 10 | B172: Piloteadora | C172: DIA | D172: 1500000
A178: SECRETRIO DE INFRAESTRUCTURA
